 Dungeon Sprint DCSS version 0.29.1-2-gbd0b4ee654 (webtiles) character file.

Game seed: 7703783878443255926

55486 Groucho the Impregnable (level 14, -2/151 HPs)
             Began as a Minotaur Fighter on Nov 24, 2022.
             Was a High Priest of Cheibriados.
             Killed from afar by an ironbound thunderhulk (42 damage)
             ... with a bolt of lightning
             ... in the Dungeon (Sprint IX: "|||||||||||||||||||||||||||||") on Nov 25, 2022.
             The game lasted 00:21:00 (8549 turns).

Groucho the Impregnable (Minotaur Fighter)          Turns: 8549, Time: 00:21:01

Health: -2/151     AC: 33    Str: 39    XL:     14   Next: 38%
Magic:  2/33       EV: 19    Int: 24    God:    Cheibriados [*****.]
Gold:   1182       SH: 20    Dex: 28    Spells: 27/27 levels left

rFire   . . .      SeeInvis +   m - +3 war axe (freeze)
rCold   . . .      Faith    .   H - +1 kite shield {AC+3}
rNeg    . . .      Spirit   .   o - +0 plate armour
rPois   .          Reflect  .   x - +3 hat of Pondering {ponderous, Will+ MP+10 Int+5}
rElec   .          Harm     .   a - +0 cloak
rCorr   .          Rampage  .   I - +1 pair of gloves {infuse}
Will    ++...      NoTele   +   w - +0 pair of boots
Stlth   ..........              (no amulet)
HPRegen 0.35/turn               p - +3 ring of strength
MPRegen 0.23/turn               D - ring of see invisible

@: marked, very slow
A: horns 2, retaliatory headbutt
a: Renounce Religion, Bend Time, Temporal Distortion, Slouch, Step From Time


You were in the Dungeon.
You worshipped Cheibriados.
Cheibriados was extremely pleased with you.
You visited 1 branch You collected 1939 gold pieces.
You spent 757 gold pieces at shops.

Inventory:

Hand Weapons
 m - a +3 war axe of freezing (weapon)
Missiles
 b - 6 curare-tipped darts
 y - 6 javelins (quivered)
Armour
 a - a +0 cloak (worn)
 c - a +3 chain mail
 o - a +0 plate armour (worn)
 w - a +0 pair of boots (worn)
 x - the +3 hat of Pondering (worn) {ponderous, Will+ MP+10 Int+5}
   (You took it off Gastronok in the Dungeon)

   Int:       It affects your intelligence (+5).
   MP:        It affects your magic capacity (+10).
   Will:      It increases your willpower.
 H - a +1 kite shield of protection (worn)
 I - a +1 pair of gloves of infusion (worn)
Jewellery
 f - a ring of flight
 p - a +3 ring of strength (left hand)
 q - a +3 ring of strength
 D - a ring of see invisible (right hand)
 E - a ring of willpower
 F - a +4 ring of evasion
 G - a ring of poison resistance
Wands
 g - a wand of mindburst (10)
 l - a wand of quicksilver (15)
 z - a wand of polymorph (6)
Scrolls
 j - 2 scrolls of blinking
 k - 2 scrolls of amnesia
 s - 3 scrolls of fear
 t - 2 scrolls of enchant armour
 u - a scroll of fog
 v - 2 scrolls of enchant weapon
 J - a scroll of identify
Potions
 d - 2 potions of might
 e - 5 potions of curing
 h - 4 potions of magic
 i - a potion of invisibility
 n - a potion of berserk rage
 r - 4 potions of mutation
 A - 2 potions of resistance
 C - a potion of cancellation


   Skills:
 + Level 21.4 Fighting
 - Level 18.0 Axes
 * Level 22.7 Armour
 * Level 11.4 Dodging
 + Level 21.3 Shields
 * Level 11.4 Unarmed Combat
 * Level 7.3 Spellcasting
 - Level 14.0 Invocations


You had 27 spell levels left.
You didn't know any spells.
Your spell library was empty.

Dungeon Overview and Level Annotations

Branches:
Dungeon (1/1)

Altars:
Cheibriados
Dithmenos
Elyvilon
Fedhas
Gozag
Hepliaklqana
Kikubaaqudgha
Makhleb
Nemelex Xobeh
Okawaru
Qazlal
Ru
Sif Muna
Trog
Uskayaw
Vehumet
Wu Jian
Xom
Yredelemnul
Zin
The Shining One
Jiyva
Lugonu

Shops:
D *!([


Innate Abilities, Weirdness & Mutations

You have a pair of horns on your head.
You reflexively headbutt those who attack you in melee.


Message History

You kill the ironbound thunderhulk!
Cheibriados appreciates the change of pace.
Unknown command.
Unknown command.
Unknown command.
The ironbound convoker begins to recite a word of recall!
Activating: Slouch (0% risk of failure)
Press: ? - help, Dir - look around, f - activate You can feel time thicken for a moment.
You kill the ironbound convoker!
Cheibriados appreciates the change of pace.
Cheibriados lowers the support of your attributes as your movement quickens.
Unknown command.
Okay, then.
Okay, then.
Aiming: Mindburst
Press: ? - help, Shift-Dir - straight line, f - lindwurm
Aim: a lindwurm (heavily wounded, strong, chance to affect: 47%)
The lindwurm's mind is blasted!!
Unknown command.
Unknown command.
Unknown command.
Aiming: Mindburst
Press: ? - help, Shift-Dir - straight line, f/p - lindwurm
Aim: a lindwurm (severely wounded, strong, chance to affect: 47%)
The lindwurm's mind is blasted.
A vault warden comes into view.
It is wielding a +3 great sword of draining.
Unknown command.
Unknown command.
Unknown command.
Activating: Slouch (0% risk of failure)
Press: ? - help, Dir - look around, f - activate You can feel time thicken for a moment.
You kill the lindwurm!
Cheibriados appreciates the change of pace.
Cheibriados raises the support of your attributes as your movement slows.
Cheibriados lowers the support of your attributes as your movement quickens.
Electricity crackles from the ironbound thunderhulk's apparatus.
The bolt of lightning hits you!!!
You die...

▓)▓.▓.▓.▓.▓.▓)▓.▓.
▓.▓.▓.▓.▓.▓.▓)▓.▓.
▓p▓.▓.▓.▓.▓.▓.▓.▓.
▓O▓.▓.▓.▓[▓.▓)▓.▓'
▓)▓.▓†▓.▓[▓.▓)▓.▓.
▓.▓.▓.▓.▓.▓.▓)▓.▓.
▓.▓.▓)▓.▓[▓.▓)▓.▓.
▓.▓.▓)▓.▓[▓.▓'▓.▓.
▓@▓.▓)▓.▓[▓.▓.▓.▓.
▓.▓.▓'▓.▓.▓.▓.▓.▓.
▓)▓.▓.▓.▓[▓.▓.▓.▓.
▓.▓.▓.▓.▓.▓†▓.▓.▓.
▓)▓.▓.▓.▓)▓†▓.▓.▓.
▓.▓.▓.▓.▓)▓)▓)▓.▓'
▓)▓.▓.▓.▓)▓.▓)▓.▓.
▓.▓.▓.▓.▓)▓.▓)▓.▓.
▓)▓.▓.▓.▓)▓.▓)▓.▓.


You could see a vault warden and an ironbound thunderhulk.

Vanquished Creatures
  A lich (D)
  Gastronok (D)
  2 sphinxes (D)
  2 fire giants (D)
  3 stone giants (D)
  2 eleionomae (D)
  A vampire knight (D)
  2 bunyips (D)
  An ironbound thunderhulk (D)
  An ettin (D)
  A merfolk impaler (D)
  3 fire dragons (D)
  3 ice dragons (D)
  A ghost crab (D)
  A catoblepas (D)
  2 hydras (D)
  A merfolk avatar (D)
  A merfolk aquamancer (D)
  4 centaur warriors (D)
  2 boulder beetles (D)
  An anaconda (D)
  A tengu warrior (D)
  A deep troll shaman (D)
  A deep troll earth mage (D)
  3 death yaks (D)
  Urug (D)
  A spriggan berserker (D)
  An orc high priest (D)
  A shock serpent (D)
  Sonja (D)
  Nergalle (D)
  A hell knight (D)
  An orb spider (D)
  A sea snake (D)
  A glowing orange brain (D)
  2 naga ritualists (D)
  A steelbarb worm (D)
  2 spriggan druids (D)
  An ironbound convoker (D)
  A lindwurm (D)
  A harpy (D)
  A necromancer (D)
  An orc knight (D)
  A manticore (D)
  3 ugly things (D)
  7 orc sorcerers (D)
  2 wolf spiders (D)
  2 moths of wrath (D)
  A merfolk siren (D)
  3 black mambas (D)
  2 naga magi (D)
  A vault sentinel (D)
  3 water nymphs (D)
  3 cane toads (D)
  2 torpor snails (D)
  4 komodo dragons (D)
  A merfolk (D)
  2 tengu conjurers (D)
  A meliai (D)
  A troll (D)
  2 slime creatures (D)
  A blink frog (D)
  A jumping spider (D)
  A wraith (D)
  A culicivora (D)
  6 yaks (D)
  2 wyverns (D)
  A basilisk (D)
  Eustachio (D)
  Grum (D)
  A fire bat (shapeshifter) (D)
  A redback (D)
  A vampire mosquito (D)
  A naga (D)
  9 orc warriors (D)
  3 wolves (D)
  A centaur (D)
  A kobold brigand (D)
  3 bullfrogs (D)
  A gnoll sergeant (D)
  A jelly (D)
  A hound (D)
  3 orc priests (D)
  8 orc wizards (D)
  An adder (D)
  10 orcs (D)
  A bat (D)
  A goblin (D)
  A quokka (D)
  A kobold (D)
  2 rats (D)
170 creatures vanquished.

Vanquished Creatures (others)
  An alligator (D)
  A goliath frog (D)
2 creatures vanquished.

Grand Total: 172 creatures vanquished

Notes
Turn   | Place    | Note
-------+----------+-------------------------------------------
     0 | D        | Groucho the Minotaur Fighter began the quest for the Orb.
     0 | D        | Reached XP level 1. HP: 19/19 MP: 0/0
    15 | D        | Reached skill level 4 in Armour
   319 | D        | Noticed a jelly
   319 | D        | Noticed a hound
   327 | D        | Killed a hound
   328 | D        | Reached skill level 5 in Fighting
   328 | D        | Reached skill level 5 in Armour
   328 | D        | Reached skill level 5 in Shields
   328 | D        | Reached XP level 2. HP: 29/29 MP: 1/1
   328 | D        | Reached XP level 3. HP: 36/36 MP: 2/2
   343 | D        | Reached skill level 5 in Axes
   343 | D        | Reached skill level 6 in Armour
   343 | D        | Reached XP level 4. HP: 42/44 MP: 3/3
   349 | D        | Found a snail-covered altar of Cheibriados.
   349 | D        | Found a shadowy altar of Dithmenos.
   349 | D        | Found a white marble altar of Elyvilon.
   349 | D        | Found a blossoming altar of Fedhas.
   349 | D        | Found an opulent altar of Gozag.
   350 | D        | Found a hazy altar of Hepliaklqana.
   351 | D        | Found a viscous altar of Jiyva.
   352 | D        | Found an ancient bone altar of Kikubaaqudgha.
   353 | D        | Became a worshipper of Cheibriados the Contemplative
   354 | D        | Found a corrupted altar of Lugonu.
   355 | D        | Found a burning altar of Makhleb.
   356 | D        | Found a sparkling altar of Nemelex Xobeh.
   357 | D        | Found an iron altar of Okawaru.
   358 | D        | Found a stormy altar of Qazlal.
   359 | D        | Found a sacrificial altar of Ru.
   360 | D        | Found a shimmering blue altar of Sif Muna.
   361 | D        | Found a bloodstained altar of Trog.
   362 | D        | Found a hide-covered altar of Uskayaw.
   363 | D        | Found a radiant altar of Vehumet.
   364 | D        | Found an ornate altar of the Wu Jian Council.
   365 | D        | Found a shimmering altar of Xom.
   366 | D        | Found a basalt altar of Yredelemnul.
   367 | D        | Found a glowing silver altar of Zin.
   368 | D        | Found a glowing golden altar of the Shining One.
   421 | D        | Noticed a troll
   421 | D        | Noticed a centaur
   421 | D        | Noticed a wraith
   421 | D        | Noticed a kobold brigand
   421 | D        | Noticed a yak
   421 | D        | Noticed a gnoll sergeant
   423 | D        | Killed a gnoll sergeant
   424 | D        | Reached XP level 5. HP: 39/51 MP: 3/5
   428 | D        | Killed a yak
   429 | D        | Reached skill level 8 in Armour
   429 | D        | Reached XP level 6. HP: 37/61 MP: 3/8
   432 | D        | Reached * piety under Cheibriados
   443 | D        | Killed a wraith
   444 | D        | Reached skill level 9 in Armour
   444 | D        | Reached skill level 5 in Invocations
   449 | D        | Reached ** piety under Cheibriados
   450 | D        | Reached XP level 7. HP: 41/70 MP: 7/10
   451 | D        | Killed a troll
   679 | D        | Noticed a vampire mosquito
   679 | D        | Noticed a blink frog
   679 | D        | Noticed a boulder beetle
   679 | D        | Noticed a white ugly thing
   679 | D        | Noticed a centaur warrior
   679 | D        | Noticed a meliai
   682 | D        | Killed a meliai
   682 | D        | Reached *** piety under Cheibriados
   683 | D        | Reached skill level 10 in Fighting
   683 | D        | Reached skill level 10 in Armour
   683 | D        | Reached skill level 10 in Shields
   685 | D        | Killed a centaur warrior
   686 | D        | Reached skill level 10 in Axes
   686 | D        | Reached skill level 11 in Armour
   686 | D        | Reached XP level 8. HP: 68/82 MP: 10/12
   692 | D        | a blink frog changed into a fire bat
   694 | D        | Killed a white ugly thing
   694 | D        | Reached **** piety under Cheibriados
   696 | D        | Reached XP level 9. HP: 40/90 MP: 6/14
  1008 | D        | Killed a boulder beetle
  1009 | D        | Reached skill level 12 in Armour
  1274 | D        | Noticed a cane toad
  1274 | D        | Noticed a boulder beetle
  1274 | D        | Noticed a komodo dragon
  1274 | D        | Noticed a komodo dragon
  1279 | D        | Killed a komodo dragon
  1286 | D        | Killed a komodo dragon
  1286 | D        | Reached ***** piety under Cheibriados
  1291 | D        | Reached skill level 13 in Armour
  1295 | D        | Killed a cane toad
  1296 | D        | Reached XP level 10. HP: 25/101 MP: 16/16
  1301 | D        | Reached skill level 10 in Invocations
  1301 | D        | Killed a boulder beetle
  1301 | D        | Reached ****** piety under Cheibriados
  1778 | D        | Noticed a black mamba
  1778 | D        | Noticed a five-headed hydra
  1783 | D        | Killed a black mamba
  1783 | D        | Noticed a cane toad
  1785 | D        | Noticed a cane toad
  1788 | D        | Killed a ten-headed hydra
  1789 | D        | Reached skill level 14 in Armour
  1789 | D        | Noticed a torpor snail
  1802 | D        | Killed a cane toad
  1806 | D        | Killed a cane toad
  1809 | D        | Killed a torpor snail
  2494 | D        | Noticed a catoblepas
  2494 | D        | Noticed a death yak
  2494 | D        | Noticed a death yak
  2496 | D        | Noticed a death yak
  2499 | D        | Killed a death yak
  2500 | D        | Reached skill level 15 in Fighting
  2500 | D        | Reached skill level 15 in Armour
  2500 | D        | Reached skill level 15 in Shields
  2500 | D        | Reached XP level 11. HP: 109/112 MP: 2/18
  2500 | D        | Killed a death yak
  2501 | D        | Reached skill level 15 in Axes
  2513 | D        | Killed a catoblepas
  2517 | D        | Killed a death yak
  2663 | D        | Noticed Sonja
  2673 | D        | Killed Sonja
  3061 | D        | Noticed Gastronok
  3072 | D        | Killed Gastronok
  3073 | D        | Reached skill level 16 in Armour
  3620 | D        | Noticed an orc high priest
  3627 | D        | Killed an orc high priest
  3631 | D        | Noticed an orc knight
  3642 | D        | Killed an orc knight
  3801 | D        | Found Mahi's Antique Armour Boutique.
  3801 | D        | Noticed an orc sorcerer
  3801 | D        | Noticed an orc sorcerer
  3801 | D        | Noticed an orc sorcerer
  3805 | D        | Killed an orc sorcerer
  3805 | D        | Noticed an orc sorcerer
  3807 | D        | Killed an orc sorcerer
  3808 | D        | Noticed a sun demon
  3808 | D        | Killed an orc sorcerer
  3810 | D        | Found Pol Pow's Weapon Shop.
  3814 | D        | Killed an orc sorcerer
  3815 | D        | Reached XP level 12. HP: 58/124 MP: 21/21
  3817 | D        | Found Hetunwi's Distillery.
  3819 | D        | Found Xamenet's General Store.
  3823 | D        | Reached skill level 17 in Armour
  4255 | D        | Bought a potion of heal wounds for 50 gold pieces
  4255 | D        | Bought 2 potions of resistance for 200 gold pieces
  4255 | D        | Bought a potion of haste for 100 gold pieces
  4255 | D        | Bought a potion of curing for 30 gold pieces
  4255 | D        | Bought a potion of degeneration for 10 gold pieces
  4255 | D        | Bought a potion of cancellation for 80 gold pieces
  4255 | D        | Bought a potion of mutation for 80 gold pieces
  4261 | D        | Bought a heavily runed ring mail for 207 gold pieces
  4261 | D        | Identified the +4 ring mail of the Goldsmith {Rampage Dex+8
                  | Stlth+} (You bought it in a shop in the Dungeon)
  4499 | D        | Noticed Urug
  4500 | D        | Noticed Eustachio
  4510 | D        | Killed Eustachio
  4512 | D        | Killed Urug
  4850 | D        | Noticed Grum
  4858 | D        | Killed Grum
  4998 | D        | Noticed a centaur warrior
  4998 | D        | Noticed a centaur warrior
  5001 | D        | Killed a centaur warrior
  5008 | D        | Noticed a centaur warrior
  5011 | D        | Noticed a fire dragon
  5013 | D        | Killed a centaur warrior
  5015 | D        | Noticed a stone giant
  5017 | D        | Noticed a sphinx
  5018 | D        | Killed a centaur warrior
  5019 | D        | Reached skill level 18 in Armour
  5019 | D        | Noticed an ice dragon
  5021 | D        | Noticed a stone giant
  5025 | D        | Killed a sphinx
  5026 | D        | Killed a fire dragon
  5026 | D        | Killed an ice dragon
  5028 | D        | Killed a stone giant
  5029 | D        | Reached skill level 19 in Armour
  5031 | D        | Killed a stone giant
  5599 | D        | Reached XP level 13. HP: 42/139 MP: 15/22
  6077 | D        | Reached skill level 1 in Dodging
  6077 | D        | Reached skill level 1 in Unarmed Combat
  6089 | D        | Noticed a merfolk impaler
  6094 | D        | Reached skill level 1 in Spellcasting
  6100 | D        | Killed a merfolk impaler
  6101 | D        | Reached skill level 20 in Armour
  7088 | D        | Noticed an eleionoma
  7088 | D        | Noticed a bunyip
  7088 | D        | Noticed a bunyip
  7092 | D        | Killed a bunyip
  7097 | D        | Reached skill level 5 in Dodging
  7097 | D        | Reached skill level 5 in Unarmed Combat
  7102 | D        | Killed a bunyip
  7105 | D        | Killed an eleionoma
  7106 | D        | Noticed an eleionoma
  7113 | D        | Killed an eleionoma
  7439 | D        | Reached skill level 21 in Armour
  7481 | D        | Reached skill level 5 in Spellcasting
  7942 | D        | Noticed Nergalle
  7949 | D        | Killed Nergalle
  8115 | D        | Noticed a fire giant
  8115 | D        | Noticed a stone giant
  8115 | D        | Noticed a sphinx
  8115 | D        | Noticed a fire dragon
  8121 | D        | Noticed a vampire knight
  8122 | D        | Killed a sphinx
  8123 | D        | Killed a fire dragon
  8124 | D        | Killed a stone giant
  8126 | D        | Reached XP level 14. HP: 144/149 MP: 10/23
  8126 | D        | Killed a fire giant
  8126 | D        | Killed a vampire knight
  8127 | D        | Reached skill level 22 in Armour
  8448 | D        | Reached skill level 10 in Dodging
  8452 | D        | Reached skill level 10 in Unarmed Combat
  8467 | D        | Noticed a fire giant
  8477 | D        | Killed a fire giant
  8482 | D        | Noticed a lich
  8492 | D        | Killed a lich
  8531 | D        | Noticed an ironbound thunderhulk
  8534 | D        | Noticed an ironbound thunderhulk
  8543 | D        | Killed an ironbound thunderhulk
  8548 | D        | Noticed a vault warden
  8549 | D        | Killed from afar by an ironbound thunderhulk

Illustrated notes

Levels and vault maps discovered:
D:        linesprint [early_d, line_temple, items_1, d_10, items_2, lair_1,
          lair_end, items_3, orc_1, orc_end, items_4, d_15, swamp_1, shoals_1,
          snake_1, spider_1, d_20, vaults_1, items_5, swamp_end, shoals_end,
          snake_end, spider_end, vaults_end, d_27, items_6, zot_1, zot_end,
          crypt_end, forest_end, elf_end, slime_end, tomb_end, abyss_end,
          pan_hell_end]

Skill      XL: |  1  2  3  4  5  6  7  8  9 10 11 12 13 14 |
---------------+-------------------------------------------+-----
Fighting       | 5 6 8 9 11 13 15 16 19 20 21 | 21.4
Axes           | 4 5 6 7 8 10 11 12 14 16 18 | 18.0
Armour         | 5 6 8 9 11 13 15 16 19 21 22 | 22.7
Shields        | 5 6 8 9 11 13 15 16 19 20 21 | 21.3
Invocations    | 2 4 5 7 8 9 11 13 14 | 14.0
Dodging        | 9 11 | 11.4
Unarmed Combat | 9 11 | 11.4
Spellcasting   | 5 7 |  7.3

Action                   |  1- 3 |  4- 6 |  7- 9 | 10-12 | 13-15 || total
-------------------------+-------+-------+-------+-------+-------++-------
Melee: War axe           |    35 |    25 |    36 |   161 |   106 ||   363
       Headbutt          |     3 |     5 |     7 |    41 |    30 ||    86
Throw: Javelin           |       |       |       |       |     5 ||     5
Invok: Slouch            |       |       |     2 |    20 |    22 ||    44
       Bend Time         |       |       |       |     1 |       ||     1
Evoke: Wand              |       |       |     1 |       |     2 ||     3
  Use: Potion            |     1 |     1 |     1 |     8 |     2 ||    13
       Scroll            |       |       |       |       |     2 ||     2
Armor: Scale mail        |    18 |       |       |       |       ||    18
       Plate armour      |       |    26 |    14 |    87 |    31 ||   158
Dodge: Dodged            |    12 |    10 |     7 |    49 |    27 ||   105
Block: Buckler           |     4 |    12 |    17 |    53 |       ||    86
       Kite shield       |       |       |       |    54 |    73 ||   127
